 Dungeon Crawl Stone Soup version 0.28-b1-25-g9875b3fc8c (webtiles) character file.

Game seed: 4889423368330284396

1874 Destapler the Grave Robber (level 8, -1/68 (73) HPs)
             Began as a Deep Dwarf Necromancer on Feb 1, 2022.
             Slain by Edmund (11 damage)
             ... on level 6 of the Dungeon.
             The game lasted 00:40:19 (6520 turns).

Destapler the Grave Robber (Deep Dwarf Necromancer) Turns: 6520, Time: 00:40:20

HP:   -1/68 (73)    AC:  6    Str: 18    XL:     8   Next: 91%
MP:   6/12          EV: 13    Int: 18    God:
Gold: 1240          SH:  0    Dex: 13    Spells: 5/13 levels left

rFire   . . .      SeeInvis .   q - +0 war axe (freeze)
rCold   . . .      Faith    .   (no shield)
rNeg    . . .      Spirit   .   p - +1 leather armour of Gozag's Vengeance {Str+3 Int+3 Stlth+}
rPois   .          Reflect  .   (no helmet)
rElec   .          Harm     .   m - +1 cloak
rCorr   .          Rampage  .   (no gloves)
Will    ++...                   (no boots)
Stlth   +++.......              f - amulet of magic regeneration
HPRegen 0.00/turn               b - ring of wizardry
MPRegen 0.53/turn               c - ring of willpower

@: mighty, drained
A: damage resistance, heal wounds, sense surroundings 1, no regeneration
a: Heal Wounds


You were on level 6 of the Dungeon.
You visited 2 branches of the dungeon, and saw 7 of its levels.
You also visited: Ossuary.

You collected 1240 gold pieces.

Inventory:

Hand Weapons
 a - a +0 war axe
 q - a +0 war axe of freezing (weapon)
Armour
 d - a +0 robe
 m - a +1 cloak (worn)
 p - the +1 leather armour of Gozag's Vengeance (worn) {Str+3 Int+3 Stlth+}
   (You found it on level 4 of the Dungeon)

   Str:       It affects your strength (+3).
   Int:       It affects your intelligence (+3).
   Stlth:     It makes you more stealthy.
Jewellery
 b - a ring of wizardry (left hand)
 c - a ring of willpower (right hand)
 f - an amulet of magic regeneration (around neck)
 k - a +4 ring of protection
 s - a +6 ring of dexterity
Wands
 g - a wand of acid (9)
 x - a wand of flame (11)
 y - a wand of mindburst (8)
Scrolls
 e - 4 scrolls of teleportation
 n - a scroll of torment
 r - 2 scrolls of identify
 z - a scroll of vulnerability
Potions
 h - 2 potions of curing
 i - 3 potions of might
 l - a potion of lignification {unknown}
 o - 2 potions of ambrosia {unknown}
 t - a potion of brilliance {unknown}
 u - 3 potions of attraction
 v - 2 potions of heal wounds {unknown}
 w - 3 potions of mutation {unknown}


   Skills:
 + Level 4.8 Fighting
 + Level 5.1 Axes
 + Level 5.2 Armour
 + Level 5.1 Dodging
 - Level 4.1 Stealth
 - Level 3.0 Spellcasting
 - Level 6.0 Necromancy
 - Level 3.0 Evocations


You had 5 spell levels left.
You knew the following spells:

 Your Spells              Type           Power      Damage    Failure   Level
a - Pain                  Necr           96%        1d8       1%          1
b - Vampiric Draining     Necr           24%        2d7       1%          3
c - Animate Dead          Necr           12%        N/A       6%          4

Your spell library contained the following spells:

 Spells                   Type           Power      Damage    Failure   Level
 Animate Skeleton         Necr           48%        N/A       1%          1
 Ensorcelled Hibernation  Hex/Ice        4%         N/A       12%         2
 Passwall                 Tmut/Erth      1%         N/A       12%         2
 Agony                    Necr           24%        N/A       17%         5
 Conjure Flame            Conj/Fire      2%         6-21      22%         3
 Ignite Poison            Fire/Tmut/Pois 2%         N/A       22%         3
 Swiftness                Air            2%         N/A       22%         3
 Leda's Liquefaction      Hex/Erth       1%         N/A       56%         4
 Sticky Flame             Conj/Fire      2%         2d3       56%         4
 Lee's Rapid Deconstruct  Erth           1%         3d5*      87%         5
 Statue Form              Tmut/Erth      1%         N/A       100%        6


Dungeon Overview and Level Annotations

Branches:
Dungeon (6/15)             Temple (1/1) D:5         Ossuary (visited)

Altars:
Ashenzari
Cheibriados
Dithmenos
Elyvilon
Fedhas
Gozag
Hepliaklqana
Kikubaaqudgha
Okawaru
Qazlal
Sif Muna
Trog
Uskayaw
Wu Jian
Xom
Yredelemnul
Zin

Shops:
D:3 =

Annotations:
D:6 Edmund


Innate Abilities, Weirdness & Mutations

You are resistant to damage.
You can heal yourself by infusing magical energy.
You passively map a small area around you.
You do not regenerate.


Message History

* * * LOW HITPOINT WARNING * * *
x2 The wight closely misses you.
Aiming: Vampiric Draining (safe; 1% risk of failure)
Press: ? - help, Q - select action, (/) - cycle Shift-Dir - straight line, f/p - Edmund
Aim: Edmund, wielding a +3 vorpal dire flail, wearing a +0 chain mail and carrying a wand of polymorph (11) (lightly wounded)
You draw life force from Edmund!
You feel life coursing into your body. Edmund completely misses you.
The wight hits you with a +0 dagger.
* * * LOW HITPOINT WARNING * * *
Aiming: Vampiric Draining (safe; 1% risk of failure)
Press: ? - help, Q - select action, (/) - cycle Shift-Dir - straight line, f/p - Edmund
Aim: Edmund, wielding a +3 vorpal dire flail, wearing a +0 chain mail and carrying a wand of polymorph (11) (heavily wounded)
You draw life force from Edmund!
You feel life coursing into your body.
Edmund zaps a wand.
You resist with almost no effort.
A wight comes into view. It is wielding a +0 morningstar.
The wight hits you with a +0 dagger.
* * * LOW HITPOINT WARNING * * *
You feel drained.
You slash the wight!
The wight is almost destroyed.
You hit Edmund but do no damage.
Edmund zaps a wand.
You resist with almost no effort. The wight hits you with a +0 dagger.
* * * LOW HITPOINT WARNING * * *
You closely miss the wight.
The wight is almost destroyed.
You closely miss Edmund.
Edmund clears his throat.
Edmund zaps a wand.
You resist with almost no effort. The wight hits you with a +0 dagger.
* * * LOW HITPOINT WARNING * * *
You feel drained.
A wight comes into view. It is wielding a +5 hand axe.
Edmund completely misses you.
You hit the wight.
You destroy the wight!
You slash Edmund! You freeze Edmund.
The wight hits you from afar with a +2 spear.
* * * LOW HITPOINT WARNING * * *
You feel drained.
Edmund hits you with a +3 vorpal dire flail!
You die...

#######......[.##.#..###
#.)........##..#.....§§§ **
#.#####z##.##.......§###
,**#######.#####.##..........§...
,**...........##.......##.#######
,**.######.##.##z#####.#...##....
,,,,* #.##.##z........⌠....._.
,**** #......@######........≈. ,*
####...@## #z)≈≈z≈≈≈.. ,*
#......).# #)))≈≈≈≈..#
********##........# ##.≈≈≈≈...# *
*,,,,.....#.....# #...≈≈≈.$.. *
*,,,......##..M######........⌠. *
*,,,....#..##..##.............. *
*,,,...###...................., *
*,,,..##.##.....#............., *
*,,,,##.)z##..#.######........*


You could see Edmund, a mummy and 3 wights.

Vanquished Creatures
  Prince Ribbit (D:5)
  Eustachio (Temple)
  An ice beast (D:5)
  A black bear (D:3)
  3 ogres
  A phantom (D:5)
  2 scorpions
  A water moccasin zombie (Ossuary)
  3 wights (D:6)
  2 centaur zombies (D:5)
  A hound (D:4)
  3 jellies
  A bullfrog skeleton (D:5)
  A centaur skeleton (D:6)
  4 orc priests
  2 iguanas (D:4)
  4 orc wizards
  Natasha (D:2)
  A killer bee zombie (D:3)
  2 mummies (Ossuary)
  A howler monkey skeleton (D:5)
  4 adders
  A white imp (D:5)
  An ufetubus (D:5)
  5 adder zombies (Ossuary)
  An adder skeleton (D:4)
  2 worms
  3 dart slugs
  17 orcs
  5 ball pythons
  8 bats
  5 endoplasms
  2 giant cockroaches
  4 hobgoblins
  5 quokkas
  A frilled lizard (D:3)
  3 gnoll zombies (Ossuary)
  7 goblins
  11 hobgoblin zombies (Ossuary)
  8 kobolds
  A kobold zombie (Ossuary)
  4 orc zombies (Ossuary)
  4 rats
139 creatures vanquished.

Vanquished Creatures (others)
  4 demonic plants (D:3)
  12 fungi (D:3)
  7 plants (D:3)
  A withered plant (D:3)
24 creatures vanquished.

Grand Total: 163 creatures vanquished

Notes
Turn   | Place    | Note
-------+----------+-------------------------------------------
     0 | D:1      | Destapler the Deep Dwarf Necromancer began the quest for
                  | the Orb.
     0 | D:1      | Reached XP level 1. HP: 15/15 MP: 3/3
   212 | D:1      | Reached XP level 2. HP: 22/22 MP: 2/4
  1281 | D:1      | Reached XP level 3. HP: 25/30 MP: 6/6
  1301 | D:2      | Learned a level 3 spell: Vampiric Draining
  1365 | D:2      | Noticed Natasha
  1392 | D:2      | Noticed an ogre
  2188 | D:2      | Killed Natasha
  2189 | D:2      | Reached skill level 1 in Fighting
  2189 | D:2      | Reached skill level 5 in Necromancy
  2189 | D:2      | Reached XP level 4. HP: 36/38 MP: 1/7
  2341 | D:2      | Killed an ogre
  2342 | D:2      | Reached XP level 5. HP: 26/44 MP: 0/8
  2601 | D:3      | Noticed a black bear
  2864 | D:3      | Found a glowing silver altar of Zin.
  2904 | D:3      | Identified a scroll of acquirement
  2904 | D:3      | Acquired 1030 gold pieces
  2919 | D:3      | Killed a black bear
  3202 | D:3      | Found a hide-covered altar of Uskayaw.
  3234 | D:3      | Found Rygik's Jewellery Shoppe.
  3309 | D:3      | Found a faded altar of an unknown god.
  3639 | D:3      | Reached XP level 6. HP: 20/52 MP: 10/10
  3717 | D:4      | Learned a level 4 spell: Animate Dead
  3848 | D:4      | Reached skill level 6 in Necromancy
  3848 | D:4      | Reached skill level 1 in Evocations
  3891 | D:4      | Identified the +1 leather armour of Gozag's Vengeance
                  | {Str+3 Int+3 Stlth+}
  4224 | D:4      | Reached skill level 1 in Axes
  4240 | D:4      | Reached skill level 1 in Armour
  4240 | D:4      | Reached XP level 7. HP: 54/61 MP: 1/11
  4747 | D:5      | Entered Level 5 of the Dungeon
  4899 | D:5      | Noticed Prince Ribbit
  4948 | D:5      | Killed Prince Ribbit
  5027 | D:5      | Reached XP level 8. HP: 46/69 MP: 10/12
  5191 | D:5      | Found a staircase to the Ecumenical Temple.
  5193 | D:5      | Noticed Eustachio
  5204 | Temple   | Entered the Ecumenical Temple
  5507 | Temple   | Killed Eustachio
  6013 | D:6      | Found an ancient bone altar of Kikubaaqudgha.
  6059 | D:6      | Found a sand-covered staircase.
  6065 | Ossuary  | Entered an ossuary
  6409 | D:6      | Reached skill level 5 in Axes
  6409 | D:6      | Reached skill level 5 in Armour
  6409 | D:6      | Reached skill level 5 in Dodging
  6453 | D:6      | Noticed Edmund
  6520 | D:6      | Slain by Edmund

Illustrated notes

Levels and vault maps discovered:
D:1:      saegor_arrival_simple_d, layout_loops_ring
D:2:      layout_loops_corners, uniq_natasha
D:3:      layout_basic, mainiacjoe_overflow_small_starburst, zin_treasury,
          shapermc_ecumenical_altar_gd, serial_shops, shop
D:4:      layout_gridville
D:5:      layout_basic, temple_fountains, uniq_prince_ribbit1, uniq_eustachio
D:6:      layout_loops_cross, kiku_gazebo_pond_becter,
          gup_ossuary_entry_pyramid, mrwooster_statue_mirror,
          patterned_corridor, uniq_menkaure, uniq_edmund
Temple:   nicolae_temple_great_sept

Skill      XL: |  1  2  3  4  5  6  7  8 |
---------------+-------------------------+-----
Spellcasting   | 2 3 |  3.0
Stealth        | 3 4 |  4.1
Fighting       | 1 2 3 4 |  4.8
Necromancy     | 5 6 |  6.0
Dodging        | 3 4 5 |  5.1
Evocations     | 1 3 |  3.0
Axes           | 1 3 5 |  5.1
Armour         | 1 3 5 |  5.2

Action                   |  1- 3 |  4- 6 |  7- 9 || total
-------------------------+-------+-------+-------++-------
Melee: Dagger            |     8 |       |       ||     8
       War axe           |    21 |    54 |   200 ||   275
       Punch             |     1 |       |     1 ||     2
 Cast: Pain              |    49 |    33 |    12 ||    94
       Vampiric Draining |    10 |    29 |    53 ||    92
       Animate Dead      |       |       |     2 ||     2
 Abil: Heal Wounds       |     1 |     3 |     5 ||     9
  Use: Scroll            |     1 |     2 |    12 ||    15
       Potion            |       |       |     2 ||     2
 Stab: Sleeping          |     3 |     1 |     5 ||     9
       Distracted        |       |       |     1 ||     1
Armor: Robe              |     8 |     7 |       ||    15
       Leather armour    |       |    27 |    84 ||   111
Dodge: Dodged            |    27 |    79 |   203 ||   309
